Maple Leafs vs Blackhawks
Created - November 16, 2024 at 20:33
Goals
|
| Maple Leafs |
1 |
0 |
0 |
1 |
| Blackhawks |
2 |
1 |
2 |
5 |
|
Shots
|
| Maple Leafs |
15 |
9 |
8 |
32 |
| Blackhawks |
7 |
14 |
6 |
27 |
|
1st period
1. Blackhawks , Mikko Rantanen 9 (Derek Stepan 11, Antoine Roussel 10) at 5:52
2. Blackhawks , Derek Stepan 9 (Mikko Rantanen 9, Radko Gudas 4) at 6:03
3. Maple Leafs , Andre Burakovsky 4 (Zach Werenski 9, Evander Kane 12) at 15:26
Penalties :
No Penalty
2nd period
4. Blackhawks , Derek Stepan 10 (Will Butcher 8) at 0:08
Penalties :
Patrice Cormier (TOR) for High sticking (Minor) at 18:43
3rd period
5. Blackhawks , Mikko Rantanen 10 (Jakob Chychrun 3, Will Butcher 9) at 10:17
6. Blackhawks , Jakob Silfverberg 3 (Erik Haula 4, Derek Stepan 12) at 17:38
Penalties :
Robert Hagg (Chi) for Tripping (Minor) at 5:25, Sam Bennett (TOR) for Cross-checking (Minor) at 19:00
Goalie Stats
Kristers Gudlevskis (TOR), 22 saves from 27 shots - (0.815), L, 4-2-2, 60:00 minutes
Cam Ward (Chi), 31 saves from 32 shots - (0.969), W, 3-1-1, 60:00 minutes
Players Stats for Maple Leafs
Player Name G A P +/- PIM S H SB GA TA FO MP PP MP PK MP
------------------------------------------------------------------------------------
Andre Burakovsky 1 0 1 -1 0 5 2 0 0 0 0/0 19:27 1:05 0:00
Ben Smith 0 0 0 -2 0 2 3 0 0 0 1/2 18:08 0:54 2:24
Bo Horvat 0 0 0 -1 0 2 0 2 1 0 18/26 21:21 1:05 1:54
Brandon Saad 0 0 0 0 0 0 1 2 0 0 0/0 9:47 0:00 0:18
Brendan Guhle 0 0 0 0 0 0 0 1 0 0 0/0 14:08 0:00 1:08
Elias Pettersson 0 0 0 -2 0 2 0 1 0 0 8/17 16:06 0:54 0:22
Evander Kane 0 1 1 -1 0 4 2 0 1 0 1/3 19:43 1:05 0:16
Haydn Fleury 0 0 0 0 0 2 0 0 0 1 0/0 14:42 0:00 1:50
Jason Zucker 0 0 0 -2 0 5 3 0 0 1 0/1 15:31 0:54 0:00
John Klingberg 0 0 0 -1 0 0 2 1 1 1 0/0 22:11 1:05 0:00
Jon Merrill 0 0 0 -3 0 5 1 2 1 1 0/0 24:22 0:54 1:50
Luke Schenn 0 0 0 -1 0 1 0 1 0 2 0/0 19:07 0:54 1:08
Nicholas Baptiste 0 0 0 0 0 1 1 0 1 0 0/0 9:29 0:00 0:00
Patrice Cormier 0 0 0 0 2 0 0 1 0 1 2/5 10:23 0:00 0:42
Pontus Aberg 0 0 0 -1 0 0 2 0 0 0 1/2 12:22 0:00 0:00
Sam Bennett 0 0 0 -1 2 1 1 1 0 0 0/3 12:21 0:00 0:00
Valentin Zykov 0 0 0 -1 0 1 2 0 0 0 1/1 12:22 0:00 0:00
Zach Werenski 0 1 1 -3 0 1 2 1 2 1 0/0 25:30 1:05 0:00
Players Stats for Blackhawks
Player Name G A P +/- PIM S H SB GA TA FO MP PP MP PK MP
------------------------------------------------------------------------------------
Adrian Kempe 0 0 0 0 0 1 1 0 1 0 0/0 15:22 0:49 0:47
Andrew Ladd 0 0 0 0 0 0 1 0 0 0 0/0 8:33 0:00 0:00
Antoine Roussel 0 1 1 3 0 2 2 0 0 0 1/2 20:50 2:09 0:18
Derek Stepan 2 2 4 3 0 3 9 0 1 1 15/36 21:08 2:09 0:38
Erik Haula 0 1 1 1 0 4 4 2 0 1 5/12 17:04 0:49 1:03
Jakob Chychrun 0 1 1 1 0 2 1 3 1 0 0/0 15:41 0:00 0:18
Jakob Silfverberg 1 0 1 1 0 4 0 0 1 0 0/0 16:01 0:49 0:00
Joe Pavelski 0 0 0 0 0 0 0 0 0 0 0/0 8:26 0:00 0:00
Mike Amadio 0 0 0 0 0 0 1 0 0 0 0/0 14:05 0:00 1:03
Mikko Rantanen 2 1 3 3 0 5 2 0 0 1 1/1 20:30 2:09 0:00
PK Subban 0 0 0 0 0 0 0 0 0 3 0/0 25:44 2:31 1:09
Radko Gudas 0 1 1 3 0 0 1 0 2 1 0/0 23:52 0:27 1:13
Robert Hagg 0 0 0 2 2 1 2 3 0 0 0/0 20:27 0:27 0:00
Stefan Matteau 0 0 0 0 0 0 1 0 0 0 3/4 8:26 0:00 0:00
Thomas Chabot 0 0 0 1 0 0 0 0 0 0 0/0 6:28 0:00 0:00
Timo Meier 0 0 0 1 0 2 4 1 1 0 0/1 15:00 0:00 0:00
Will Butcher 0 2 2 1 0 3 3 1 1 0 0/0 27:01 2:31 1:09
William Karlsson 0 0 0 0 0 0 2 0 0 0 3/4 13:22 0:00 0:18
3 Stars
1 - Derek Stepan (Chi)
2 - Mikko Rantanen (Chi)
3 - Cam Ward (Chi)
Power Play
Maple Leafs - 0 on 1 Attempt(s) - 0.00%
Blackhawks - 0 on 2 Attempt(s) - 0.00%
Penalty Kill
Maple Leafs - 2 on 2 Attempt(s) - 100.00%
- Score 0 goal in Penalty Kill
Blackhawks - 1 on 1 Attempt(s) - 100.00%
- Score 0 goal in Penalty Kill
Team Stat
Maple Leafs - Hits : 22 - Faceoff Wins : 32 - Blocked Shots : 13 - Penalty Minutes : 4
Blackhawks - Hits : 34 - Faceoff Wins : 28 - Blocked Shots : 10 - Penalty Minutes : 2
Official
Referees : Dan O'Rourke and Jacob Brenk
Linesman : Travis Toomey and Trent Knorr
Game Notes
Thomas Chabot is injured at 15:09 of 1st period (Back Spasms)
0:18 of 2nd period - Blackhawks goal is going for a video replay. After video review, No Goal. The puck has been kicked using a distinct kicking motion.
Finance
Level 1 -- Attendance: 5746 (95.77%) -- Ticket Income $574,600
Level 2 -- Attendance: 4438 (88.76%) -- Ticket Income $310,660
Level 3 -- Attendance: 1781 (89.05%) -- Ticket Income $71,240
Level 4 -- Attendance: 3627 (90.68%) -- Ticket Income $108,810
Luxury Box -- Attendance: 1000 (100.00%) -- Ticket Income $200,000
Game was played at the United Center.
Total Attendance: 16592 (92.18%)
Total Ticket Income: $1,265,310
Other Income: $189,796
Total Income: $1,455,106
Maple Leafs
5 vs 5 Forward
Center Left Wing Right Wing Time % Phy DF OF
1 Bo Horvat Evander Kane Andre Burakovsky 40 1 2 2
2 Elias Pettersson Jason Zucker Ben Smith 30 1 2 2
3 Sam Bennett Valentin Zykov Pontus Aberg 20 1 2 2
4 Patrice Cormier Brandon Saad Nicholas Baptiste 10 1 2 2
5 vs 5 Defense
Defense Defense Time % Phy DF OF
1 Zach Werenski John Klingberg 40 1 2 2
2 Jon Merrill Luke Schenn 30 1 2 2
3 Haydn Fleury Brendan Guhle 20 1 2 2
4 Zach Werenski Jon Merrill 10 1 2 2
PowerPlay Forward
Center Left Wing Right Wing Time % Phy DF OF
1 Bo Horvat Evander Kane Andre Burakovsky 60 1 2 2
2 Elias Pettersson Jason Zucker Ben Smith 40 1 2 2
PowerPlay Defense
Defense Defense Time % Phy DF OF
1 Zach Werenski John Klingberg 60 1 2 2
2 Jon Merrill Luke Schenn 40 1 2 2
Penalty Kill 4 Players Forward
Center Wing Time % Phy DF OF
1 Patrice Cormier Ben Smith 60 1 2 2
2 Sam Bennett Evander Kane 40 1 2 2
Penalty Kill 4 Players Defense
Defense Defense Time % Phy DF OF
1 Haydn Fleury Jon Merrill 60 1 2 2
2 Brendan Guhle Luke Schenn 40 1 2 2
Penalty Kill - 3 Players Forward
Forward Time % Phy DF OF
1 Evander Kane 60 1 2 2
2 Bo Horvat 40 1 2 2
Penalty Kill - 3 Players Defense
Defense Defense Time % Phy DF OF
1 Haydn Fleury Jon Merrill 60 1 2 2
2 Brendan Guhle Luke Schenn 40 1 2 2
4 vs 4 Forward
Center Wing Time % Phy DF OF
1 Bo Horvat Evander Kane 60 1 2 2
2 Elias Pettersson Andre Burakovsky 40 1 2 2
4 vs 4 Defense
Defense Defense Time % Phy DF OF
1 Zach Werenski Jon Merrill 60 1 2 2
2 John Klingberg Luke Schenn 40 1 2 2
Last Minutes Offensive
Center Left Wing Right Wing Defense Defense
Bo Horvat Evander Kane Andre Burakovsky Zach Werenski John Klingberg
Last Minutes Defensive
Center Left Wing Right Wing Defense Defense
Patrice Cormier Evander Kane Ben Smith Jon Merrill Haydn Fleury
Goaltenders
Starting : Kristers Gudlevskis
Backup : Carter Hutton
Extra Forwards
Normal : Elias Pettersson, Sam Bennett, Evander Kane - PP : Sam Bennett, Jason Zucker - PK : Bo Horvat
Extra Defensemen
Normal : Haydn Fleury, Zach Werenski, John Klingberg - PP : Haydn Fleury - PK : Brendan Guhle, John Klingberg
Penalty Shots
Evander Kane, Elias Pettersson, Andre Burakovsky, Bo Horvat, Jason Zucker
Custom OT Lines Forwards
Evander Kane, Bo Horvat, Andre Burakovsky, Ben Smith, Jason Zucker, Sam Bennett, Brandon Saad, Elias Pettersson, Valentin Zykov, Pontus Aberg
Custom OT Lines Defensemen
Zach Werenski, Jon Merrill, John Klingberg, Luke Schenn, Haydn Fleury
Scratches
None
Blackhawks
5 vs 5 Forward
Center Left Wing Right Wing Time % Phy DF OF
1 Derek Stepan Antoine Roussel Mikko Rantanen 40 1 2 2
2 Erik Haula Timo Meier Jakob Silfverberg 30 1 2 2
3 William Karlsson Adrian Kempe Mike Amadio 20 1 2 2
4 Stefan Matteau Andrew Ladd Joe Pavelski 10 1 2 2
5 vs 5 Defense
Defense Defense Time % Phy DF OF
1 Will Butcher PK Subban 40 1 2 2
2 Radko Gudas Thomas Chabot 30 1 2 2
3 Jakob Chychrun Robert Hagg 20 1 2 2
4 Radko Gudas Will Butcher 10 1 2 2
PowerPlay Forward
Center Left Wing Right Wing Time % Phy DF OF
1 Derek Stepan Antoine Roussel Mikko Rantanen 60 1 2 2
2 Erik Haula Adrian Kempe Jakob Silfverberg 40 1 2 2
PowerPlay Defense
Defense Defense Time % Phy DF OF
1 Thomas Chabot Will Butcher 60 1 2 2
2 PK Subban Jakob Chychrun 40 1 2 2
Penalty Kill 4 Players Forward
Center Wing Time % Phy DF OF
1 Erik Haula Mike Amadio 60 1 2 2
2 William Karlsson Antoine Roussel 40 1 2 2
Penalty Kill 4 Players Defense
Defense Defense Time % Phy DF OF
1 Radko Gudas Will Butcher 60 1 2 2
2 PK Subban Thomas Chabot 40 1 2 2
Penalty Kill - 3 Players Forward
Forward Time % Phy DF OF
1 Derek Stepan 60 1 2 2
2 Erik Haula 40 1 2 2
Penalty Kill - 3 Players Defense
Defense Defense Time % Phy DF OF
1 Radko Gudas Will Butcher 60 1 2 2
2 PK Subban Thomas Chabot 40 1 2 2
4 vs 4 Forward
Center Wing Time % Phy DF OF
1 Derek Stepan Mikko Rantanen 60 1 2 2
2 Erik Haula Jakob Silfverberg 40 1 2 2
4 vs 4 Defense
Defense Defense Time % Phy DF OF
1 Radko Gudas Will Butcher 60 1 2 2
2 PK Subban Thomas Chabot 40 1 2 2
Last Minutes Offensive
Center Left Wing Right Wing Defense Defense
Derek Stepan Antoine Roussel Mikko Rantanen Radko Gudas Will Butcher
Last Minutes Defensive
Center Left Wing Right Wing Defense Defense
Derek Stepan Antoine Roussel Mike Amadio Radko Gudas Will Butcher
Goaltenders
Starting : Cam Ward
Backup : Ilya Samsonov
Extra Forwards
Normal : Jakob Silfverberg, Antoine Roussel, Adrian Kempe - PP : Mikko Rantanen, Antoine Roussel - PK : Mike Amadio
Extra Defensemen
Normal : Thomas Chabot, Robert Hagg, Jakob Chychrun - PP : Will Butcher - PK : Radko Gudas, Robert Hagg
Penalty Shots
Jakob Silfverberg, Mikko Rantanen, Antoine Roussel, Derek Stepan, Erik Haula
Custom OT Lines Forwards
Jakob Silfverberg, Mikko Rantanen, Antoine Roussel, Derek Stepan, Erik Haula, Mike Amadio, Adrian Kempe, Timo Meier, William Karlsson, Joe Pavelski
Custom OT Lines Defensemen
Radko Gudas, Will Butcher, PK Subban, Thomas Chabot, Robert Hagg
Scratches
None
% Time on Ice - Maple Leafs
Lines # - Real PCT - Wanted PCT - Time Play
Normal Forward
1 - 34% - 40% - 18:35
2 - 27% - 30% - 14:37
3 - 22% - 20% - 12:22
4 - 17% - 10% - 9:29
Normal Defense
1 - 39% - 40% - 21:39
2 - 31% - 30% - 17:05
3 - 22% - 20% - 12:19
4 - 7% - 10% - 4:00
PP Forward
1 - 55% - 60% - 1:05
2 - 45% - 40% - 0:54
PP Defense
1 - 55% - 60% - 1:05
2 - 45% - 40% - 0:54
PK Forward
1 - 91% - 60% - 2:42
2 - 9% - 40% - 0:16
PK Defense
1 - 62% - 60% - 1:50
2 - 38% - 40% - 1:08
PK3 Forward
1 - 0% - 60%
2 - 0% - 40%
PK3 Defense
1 - 0% - 60%
2 - 0% - 40%
44 Forward
1 - 0% - 60%
2 - 0% - 40%
44 Defense
1 - 0% - 60%
2 - 0% - 40%
Last Minute Offensive - 0:00
Last Minute Defensive - 0:00
Total
Forward - 60:00
Defense - 60:00
|
% Time on Ice - Blackhawks
Lines # - Real PCT - Wanted PCT - Time Play
Normal Forward
1 - 33% - 40% - 18:21
2 - 28% - 30% - 15:14
3 - 24% - 20% - 13:02
4 - 15% - 10% - 8:26
Normal Defense
1 - 33% - 40% - 18:12
2 - 36% - 30% - 19:45
3 - 22% - 20% - 12:16
4 - 9% - 10% - 4:50
PP Forward
1 - 72% - 60% - 2:09
2 - 28% - 40% - 0:49
PP Defense
1 - 100% - 60% - 2:58
2 - 0% - 40% - 0:00
PK Forward
1 - 85% - 60% - 1:41
2 - 15% - 40% - 0:18
PK Defense
1 - 27% - 60% - 0:32
2 - 73% - 40% - 1:27
PK3 Forward
1 - 0% - 60%
2 - 0% - 40%
PK3 Defense
1 - 0% - 60%
2 - 0% - 40%
44 Forward
1 - 0% - 60%
2 - 0% - 40%
44 Defense
1 - 0% - 60%
2 - 0% - 40%
Last Minute Offensive - 0:00
Last Minute Defensive - 0:00
Total
Forward - 60:00
Defense - 60:00
|
Play-by-Play
1st period
0:01 of 1st period - Bo Horvat wins face-off versus Derek Stepan in neutral zone.
0:04 of 1st period - Will Butcher is hit by Evander Kane and loses puck.
0:27 of 1st period - John Klingberg is hit by Will Butcher and loses puck.
1:19 of 1st period - Snap shot by Evander Kane.
1:19 of 1st period - Stopped by Cam Ward with a rebound.
1:59 of 1st period - Slapshot by Bo Horvat.
1:59 of 1st period - Shot Misses the Net.
2:01 of 1st period - Backhand shot by Bo Horvat.
2:01 of 1st period - Stopped by Cam Ward without a rebound.
2:02 of 1st period - Elias Pettersson wins face-off versus Erik Haula in Blackhawks zone.
2:03 of 1st period - Snap shot by Jason Zucker.
2:03 of 1st period - Stopped by Cam Ward without a rebound.
2:04 of 1st period - Elias Pettersson wins face-off versus Erik Haula in Blackhawks zone.
2:05 of 1st period - Wrist shot by Jason Zucker.
2:05 of 1st period - Stopped by Cam Ward with a rebound.
2:11 of 1st period - Elias Pettersson is hit by Erik Haula.
2:35 of 1st period - Snap shot by Derek Stepan.
2:35 of 1st period - Shot Blocked by Brendan Guhle.
2:37 of 1st period - Snap shot by Mikko Rantanen.
2:37 of 1st period - Stopped by Kristers Gudlevskis without a rebound.
2:38 of 1st period - Pontus Aberg wins face-off versus Derek Stepan in Maple Leafs zone.
5:16 of 1st period - Sam Bennett is hit by Mike Amadio and loses puck.
5:42 of 1st period - Icing by Thomas Chabot.
5:43 of 1st period - Derek Stepan wins face-off versus Bo Horvat in Blackhawks zone.
5:52 of 1st period - Wrist shot by Mikko Rantanen.
5:52 of 1st period - Goal by Mikko Rantanen - Maple Leafs : 0 - Blackhawks : 1.
5:53 of 1st period - Derek Stepan wins face-off versus Elias Pettersson in neutral zone.
5:56 of 1st period - Ben Smith is hit by Derek Stepan and loses puck.
6:03 of 1st period - Wrist shot by Derek Stepan.
6:03 of 1st period - Goal by Derek Stepan - Maple Leafs : 0 - Blackhawks : 2.
6:04 of 1st period - Derek Stepan wins face-off versus Elias Pettersson in neutral zone.
6:19 of 1st period - Snap shot by Mikko Rantanen.
6:19 of 1st period - Shot Misses the Net.
6:21 of 1st period - Slapshot by Mikko Rantanen.
6:21 of 1st period - Shot Misses the Net.
7:14 of 1st period - Backhand shot by Radko Gudas.
7:14 of 1st period - Shot Blocked by Brandon Saad.
7:16 of 1st period - Snap shot by Will Butcher.
7:16 of 1st period - Deflect By Andrew Ladd.
7:16 of 1st period - Shot Blocked by Patrice Cormier.
7:16 of 1st period - Puck is out of play.
7:17 of 1st period - Stefan Matteau wins face-off versus Patrice Cormier in Maple Leafs zone.
8:34 of 1st period - Patrice Cormier is hit by Andrew Ladd and loses puck.
8:41 of 1st period - Snap shot by Stefan Matteau.
8:41 of 1st period - Deflect By Joe Pavelski.
8:41 of 1st period - Shot Blocked by Brandon Saad.
8:41 of 1st period - Puck is out of play.
8:42 of 1st period - Elias Pettersson wins face-off versus Derek Stepan in Maple Leafs zone.
8:59 of 1st period - Snap shot by Jason Zucker.
8:59 of 1st period - Shot Misses the Net.
10:16 of 1st period - Snap shot by Erik Haula.
10:16 of 1st period - Stopped by Kristers Gudlevskis without a rebound.
10:17 of 1st period - Bo Horvat wins face-off versus Timo Meier in Maple Leafs zone.
10:26 of 1st period - Wrist shot by Bo Horvat.
10:26 of 1st period - Shot Blocked by Erik Haula.
10:36 of 1st period - Snap shot by Erik Haula.
10:36 of 1st period - Stopped by Kristers Gudlevskis with a rebound.
10:48 of 1st period - Timo Meier is hit by Evander Kane and loses puck.
11:05 of 1st period - Wrist shot by Andre Burakovsky.
11:05 of 1st period - Stopped by Cam Ward without a rebound.
11:06 of 1st period - Elias Pettersson wins face-off versus Derek Stepan in Blackhawks zone.
11:11 of 1st period - Snap shot by Jason Zucker.
11:11 of 1st period - Shot Misses the Net.
11:13 of 1st period - Wrist shot by Ben Smith.
11:13 of 1st period - Stopped by Cam Ward without a rebound.
11:14 of 1st period - Derek Stepan wins face-off versus Ben Smith in Blackhawks zone.
11:14 of 1st period - Derek Stepan is hit by Ben Smith.
11:20 of 1st period - John Klingberg is hit by Mikko Rantanen and loses puck.
11:29 of 1st period - Slapshot by Zach Werenski.
11:29 of 1st period - Shot Misses the Net.
11:31 of 1st period - Slapshot by Zach Werenski.
11:31 of 1st period - Stopped by Cam Ward with a rebound.
11:40 of 1st period - Snap shot by Jason Zucker.
11:40 of 1st period - Shot Misses the Net.
11:42 of 1st period - Wrist shot by Elias Pettersson.
11:42 of 1st period - Deflect By Jason Zucker.
11:42 of 1st period - Stopped by Cam Ward without a rebound.
11:43 of 1st period - Bo Horvat wins face-off versus Erik Haula in Blackhawks zone.
11:44 of 1st period - Wrist shot by Andre Burakovsky.
11:44 of 1st period - Shot Blocked by Erik Haula.
11:46 of 1st period - Slapshot by Jon Merrill.
11:46 of 1st period - Shot Misses the Net.
11:48 of 1st period - Snap shot by Jon Merrill.
11:48 of 1st period - Shot Misses the Net.
11:50 of 1st period - Wrist shot by Andre Burakovsky.
11:50 of 1st period - Stopped by Cam Ward with a rebound.
11:52 of 1st period - Wrist shot by Andre Burakovsky.
11:52 of 1st period - Stopped by Cam Ward with a rebound.
11:54 of 1st period - Slapshot by Jon Merrill.
11:54 of 1st period - Stopped by Cam Ward with a rebound.
12:19 of 1st period - Wrist shot by Jakob Silfverberg.
12:19 of 1st period - Stopped by Kristers Gudlevskis without a rebound.
12:20 of 1st period - Derek Stepan wins face-off versus Elias Pettersson in Maple Leafs zone.
13:34 of 1st period - Luke Schenn is hit by Timo Meier.
13:40 of 1st period - Slapshot by Valentin Zykov.
13:40 of 1st period - Stopped by Cam Ward with a rebound.
13:42 of 1st period - Slapshot by Luke Schenn.
13:42 of 1st period - Stopped by Cam Ward with a rebound.
14:04 of 1st period - Thomas Chabot is hit by Jason Zucker and loses puck.
14:55 of 1st period - Radko Gudas is hit by Valentin Zykov and loses puck.
15:08 of 1st period - Thomas Chabot is hit by Sam Bennett and loses puck.
15:09 of 1st period - Thomas Chabot from Blackhawks is injured at 15:09 of 1st period (Back Spasms).
15:10 of 1st period - Bo Horvat wins face-off versus Derek Stepan in Blackhawks zone.
15:26 of 1st period - Snap shot by Andre Burakovsky.
15:26 of 1st period - Goal by Andre Burakovsky - Maple Leafs : 1 - Blackhawks : 2.
15:27 of 1st period - Bo Horvat wins face-off versus Derek Stepan in neutral zone.
15:30 of 1st period - PK Subban is hit by John Klingberg and loses puck.
16:02 of 1st period - Snap shot by Jakob Silfverberg.
16:02 of 1st period - Deflect By Elias Pettersson.
16:02 of 1st period - Shot Misses the Net.
16:02 of 1st period - Puck is out of play.
16:03 of 1st period - Derek Stepan wins face-off versus Elias Pettersson in Maple Leafs zone.
16:04 of 1st period - Wrist shot by Mikko Rantanen.
16:04 of 1st period - Stopped by Kristers Gudlevskis with a rebound.
16:12 of 1st period - Derek Stepan is hit by Jon Merrill and loses puck.
16:17 of 1st period - Slapshot by Jason Zucker.
16:17 of 1st period - Stopped by Cam Ward without a rebound.
16:18 of 1st period - Erik Haula wins face-off versus Evander Kane in Blackhawks zone.
17:36 of 1st period - Snap shot by Stefan Matteau.
17:36 of 1st period - Shot Misses the Net.
17:48 of 1st period - Zach Werenski is hit by Erik Haula.
17:54 of 1st period - Wrist shot by Andre Burakovsky.
17:54 of 1st period - Shot Misses the Net.
18:17 of 1st period - Icing by Mikko Rantanen.
18:18 of 1st period - Derek Stepan wins face-off versus Bo Horvat in Blackhawks zone.
18:18 of 1st period - Derek Stepan is hit by Zach Werenski.
18:26 of 1st period - Evander Kane is hit by Derek Stepan and loses puck.
19:21 of 1st period - Wrist shot by Jakob Silfverberg.
19:21 of 1st period - Shot Misses the Net.
Goals for this period are 1 for Maple Leafs vs 2 for Blackhawks.
Shots for this period are 15 for Maple Leafs vs 7 for Blackhawks.
2nd period
0:01 of 2nd period - Derek Stepan wins face-off versus Elias Pettersson in neutral zone.
0:08 of 2nd period - Snap shot by Derek Stepan.
0:08 of 2nd period - Goal by Derek Stepan - Maple Leafs : 1 - Blackhawks : 3.
0:09 of 2nd period - Derek Stepan wins face-off versus Bo Horvat in neutral zone.
0:16 of 2nd period - Wrist shot by Derek Stepan.
0:16 of 2nd period - Shot Misses the Net.
0:18 of 2nd period - Snap shot by Antoine Roussel.
0:18 of 2nd period - Blackhawks goal is going for a video replay.
0:18 of 2nd period - The goal is refused. The puck has been kicked using a distinct kicking motion..
0:19 of 2nd period - Derek Stepan wins face-off versus Bo Horvat in Maple Leafs zone.
0:32 of 2nd period - Will Butcher is hit by Andre Burakovsky and loses puck.
1:03 of 2nd period - Wrist shot by Mikko Rantanen.
1:03 of 2nd period - Shot Misses the Net.
1:05 of 2nd period - Slapshot by Derek Stepan.
1:05 of 2nd period - Shot Misses the Net.
1:07 of 2nd period - Snap shot by Mikko Rantanen.
1:07 of 2nd period - Stopped by Kristers Gudlevskis with a rebound.
1:09 of 2nd period - Slapshot by Antoine Roussel.
1:09 of 2nd period - Shot Blocked by Luke Schenn.
1:11 of 2nd period - Slapshot by PK Subban.
1:11 of 2nd period - Deflect By Mikko Rantanen.
1:11 of 2nd period - Shot Blocked by Bo Horvat.
1:11 of 2nd period - Puck is out of play.
1:12 of 2nd period - Elias Pettersson wins face-off versus Erik Haula in Maple Leafs zone.
2:00 of 2nd period - Slapshot by Jakob Chychrun.
2:00 of 2nd period - Stopped by Kristers Gudlevskis without a rebound.
2:01 of 2nd period - Stefan Matteau wins face-off versus Patrice Cormier in Maple Leafs zone.
3:03 of 2nd period - Snap shot by Adrian Kempe.
3:03 of 2nd period - Stopped by Kristers Gudlevskis with a rebound.
3:05 of 2nd period - Slapshot by Mike Amadio.
3:05 of 2nd period - Shot Blocked by Jon Merrill.
3:07 of 2nd period - Backhand shot by Radko Gudas.
3:07 of 2nd period - Shot Blocked by Jon Merrill.
3:09 of 2nd period - Slapshot by Robert Hagg.
3:09 of 2nd period - Deflect By Mike Amadio.
3:09 of 2nd period - Shot Misses the Net.
3:09 of 2nd period - Puck is out of play.
3:10 of 2nd period - Erik Haula wins face-off versus Elias Pettersson in Maple Leafs zone.
3:19 of 2nd period - Snap shot by Erik Haula.
3:19 of 2nd period - Stopped by Kristers Gudlevskis with a rebound.
3:21 of 2nd period - Snap shot by Erik Haula.
3:21 of 2nd period - Shot Blocked by Elias Pettersson.
3:23 of 2nd period - Snap shot by Jakob Silfverberg.
3:23 of 2nd period - Stopped by Kristers Gudlevskis with a rebound.
3:25 of 2nd period - Wrist shot by Erik Haula.
3:25 of 2nd period - Shot Misses the Net.
3:27 of 2nd period - Slapshot by Robert Hagg.
3:27 of 2nd period - Shot Blocked by Zach Werenski.
3:51 of 2nd period - Slapshot by Andre Burakovsky.
3:51 of 2nd period - Shot Misses the Net.
4:07 of 2nd period - Snap shot by Joe Pavelski.
4:07 of 2nd period - Shot Misses the Net.
4:45 of 2nd period - Valentin Zykov is hit by Mikko Rantanen and loses puck.
5:04 of 2nd period - Backhand shot by Elias Pettersson.
5:04 of 2nd period - Stopped by Cam Ward with a rebound.
5:48 of 2nd period - Slapshot by Nicholas Baptiste.
5:48 of 2nd period - Stopped by Cam Ward without a rebound.
5:49 of 2nd period - Patrice Cormier wins face-off versus Stefan Matteau in Blackhawks zone.
5:52 of 2nd period - Wrist shot by Nicholas Baptiste.
5:52 of 2nd period - Shot Misses the Net.
5:54 of 2nd period - Slapshot by Haydn Fleury.
5:54 of 2nd period - Stopped by Cam Ward with a rebound.
5:56 of 2nd period - Wrist shot by Haydn Fleury.
5:56 of 2nd period - Stopped by Cam Ward without a rebound.
5:57 of 2nd period - Evander Kane wins face-off versus Derek Stepan in Blackhawks zone.
5:58 of 2nd period - Backhand shot by Bo Horvat.
5:58 of 2nd period - Stopped by Cam Ward without a rebound.
5:59 of 2nd period - Bo Horvat wins face-off versus Derek Stepan in Blackhawks zone.
6:53 of 2nd period - Valentin Zykov is hit by William Karlsson and loses puck.
8:32 of 2nd period - Robert Hagg is hit by Pontus Aberg and loses puck.
8:49 of 2nd period - Wrist shot by Erik Haula.
8:49 of 2nd period - Shot Misses the Net.
8:51 of 2nd period - Snap shot by PK Subban.
8:51 of 2nd period - Shot Misses the Net.
8:53 of 2nd period - Snap shot by Timo Meier.
8:53 of 2nd period - Stopped by Kristers Gudlevskis with a rebound.
8:55 of 2nd period - Wrist shot by Jakob Silfverberg.
8:55 of 2nd period - Stopped by Kristers Gudlevskis with a rebound.
8:57 of 2nd period - Snap shot by Jakob Silfverberg.
8:57 of 2nd period - Shot Blocked by Sam Bennett.
8:59 of 2nd period - Slapshot by Robert Hagg.
8:59 of 2nd period - Deflect By John Klingberg.
8:59 of 2nd period - Stopped by Kristers Gudlevskis with a rebound.
9:01 of 2nd period - Slapshot by PK Subban.
9:01 of 2nd period - Shot Hit the Post.
9:03 of 2nd period - Snap shot by Timo Meier.
9:03 of 2nd period - Stopped by Kristers Gudlevskis without a rebound.
9:04 of 2nd period - Derek Stepan wins face-off versus Bo Horvat in Maple Leafs zone.
9:30 of 2nd period - Elias Pettersson is hit by William Karlsson and loses puck.
9:39 of 2nd period - Radko Gudas is hit by John Klingberg and loses puck.
10:02 of 2nd period - Patrice Cormier is hit by Robert Hagg and loses puck.
10:18 of 2nd period - Brendan Guhle is hit by Will Butcher and loses puck.
10:25 of 2nd period - Backhand shot by Evander Kane.
10:25 of 2nd period - Shot Blocked by Robert Hagg.
10:39 of 2nd period - Luke Schenn is hit by Timo Meier and loses puck.
11:18 of 2nd period - Jason Zucker is hit by Derek Stepan and loses puck.
11:29 of 2nd period - Wrist shot by Elias Pettersson.
11:29 of 2nd period - Shot Blocked by Jakob Chychrun.
11:31 of 2nd period - Snap shot by Ben Smith.
11:31 of 2nd period - Shot Misses the Net.
11:33 of 2nd period - Wrist shot by Jason Zucker.
11:33 of 2nd period - Shot Blocked by Timo Meier.
11:35 of 2nd period - Snap shot by Jason Zucker.
11:35 of 2nd period - Shot Misses the Net.
11:37 of 2nd period - Slapshot by Luke Schenn.
11:37 of 2nd period - Shot Misses the Net.
12:05 of 2nd period - Snap shot by Evander Kane.
12:05 of 2nd period - Stopped by Cam Ward without a rebound.
12:06 of 2nd period - Mikko Rantanen wins face-off versus Sam Bennett in Blackhawks zone.
12:59 of 2nd period - Wrist shot by Will Butcher.
12:59 of 2nd period - Stopped by Kristers Gudlevskis without a rebound.
13:00 of 2nd period - Patrice Cormier wins face-off versus William Karlsson in Maple Leafs zone.
13:07 of 2nd period - Jakob Chychrun is hit by Nicholas Baptiste.
13:13 of 2nd period - Nicholas Baptiste is hit by Adrian Kempe and loses puck.
13:28 of 2nd period - Wrist shot by Patrice Cormier.
13:28 of 2nd period - Shot Blocked by Robert Hagg.
13:50 of 2nd period - Wrist shot by Mike Amadio.
13:50 of 2nd period - Shot Misses the Net.
13:52 of 2nd period - Slapshot by Jakob Chychrun.
13:52 of 2nd period - Stopped by Kristers Gudlevskis without a rebound.
13:53 of 2nd period - Bo Horvat wins face-off versus Derek Stepan in Maple Leafs zone.
14:20 of 2nd period - Jakob Silfverberg is hit by Jason Zucker and loses puck.
15:22 of 2nd period - Slapshot by Jon Merrill.
15:22 of 2nd period - Shot Blocked by Jakob Chychrun.
15:24 of 2nd period - Slapshot by Jon Merrill.
15:24 of 2nd period - Deflect By Jakob Chychrun.
15:24 of 2nd period - Stopped by Cam Ward with a rebound.
15:26 of 2nd period - Snap shot by Jon Merrill.
15:26 of 2nd period - Stopped by Cam Ward without a rebound.
15:27 of 2nd period - Elias Pettersson wins face-off versus Erik Haula in Blackhawks zone.
15:46 of 2nd period - Snap shot by Elias Pettersson.
15:46 of 2nd period - Stopped by Cam Ward without a rebound.
15:47 of 2nd period - Bo Horvat wins face-off versus Antoine Roussel in Blackhawks zone.
15:48 of 2nd period - Slapshot by Andre Burakovsky.
15:48 of 2nd period - Deflect By Bo Horvat.
15:48 of 2nd period - Shot Blocked by Jakob Chychrun.
15:48 of 2nd period - Puck is out of play.
15:49 of 2nd period - Bo Horvat wins face-off versus Derek Stepan in Blackhawks zone.
15:54 of 2nd period - Snap shot by Andre Burakovsky.
15:54 of 2nd period - Shot Misses the Net.
17:42 of 2nd period - Slapshot by Luke Schenn.
17:42 of 2nd period - Shot Blocked by Robert Hagg.
18:22 of 2nd period - Off-side.
18:23 of 2nd period - Stefan Matteau wins face-off versus Patrice Cormier in neutral zone.
18:43 of 2nd period - Minor Penalty to Patrice Cormier for High sticking.
18:44 of 2nd period - Bo Horvat wins face-off versus Derek Stepan in Maple Leafs zone.
18:52 of 2nd period - Antoine Roussel is hit by Ben Smith and loses puck.
19:20 of 2nd period - Derek Stepan is hit by Ben Smith and loses puck.
19:31 of 2nd period - Luke Schenn is hit by Derek Stepan and loses puck.
19:38 of 2nd period - Snap shot by Mikko Rantanen.
19:38 of 2nd period - Shot Misses the Net.
19:40 of 2nd period - Snap shot by Robert Hagg.
19:40 of 2nd period - Shot Blocked by Bo Horvat.
19:42 of 2nd period - Snap shot by Mikko Rantanen.
19:42 of 2nd period - Deflect By Derek Stepan.
19:42 of 2nd period - Stopped by Kristers Gudlevskis without a rebound.
19:43 of 2nd period - Elias Pettersson wins face-off versus Erik Haula in Maple Leafs zone.
Goals for this period are 0 for Maple Leafs vs 1 for Blackhawks.
Shots for this period are 9 for Maple Leafs vs 14 for Blackhawks.
3rd period
0:01 of 3rd period - Bo Horvat wins face-off versus Derek Stepan in neutral zone.
0:15 of 3rd period - Off-side.
0:16 of 3rd period - Derek Stepan wins face-off versus Bo Horvat in neutral zone.
0:43 of 3rd period - Penalty to Patrice Cormier is over, Patrice Cormier is back on ice.
0:48 of 3rd period - Ben Smith is hit by Erik Haula and loses puck.
1:05 of 3rd period - Valentin Zykov is hit by Stefan Matteau.
2:08 of 3rd period - Luke Schenn is hit by Timo Meier and loses puck.
2:42 of 3rd period - Bo Horvat is hit by Robert Hagg.
3:06 of 3rd period - Slapshot by Jakob Chychrun.
3:06 of 3rd period - Shot Blocked by John Klingberg.
3:46 of 3rd period - Wrist shot by Evander Kane.
3:46 of 3rd period - Stopped by Cam Ward without a rebound.
3:47 of 3rd period - Bo Horvat wins face-off versus Derek Stepan in Blackhawks zone.
3:50 of 3rd period - Snap shot by Andre Burakovsky.
3:50 of 3rd period - Stopped by Cam Ward with a rebound.
4:04 of 3rd period - Evander Kane is hit by Antoine Roussel and loses puck.
4:17 of 3rd period - Snap shot by Ben Smith.
4:17 of 3rd period - Stopped by Cam Ward without a rebound.
4:18 of 3rd period - Erik Haula wins face-off versus Elias Pettersson in Blackhawks zone.
4:23 of 3rd period - Slapshot by Will Butcher.
4:23 of 3rd period - Shot Misses the Net.
4:25 of 3rd period - Slapshot by Will Butcher.
4:25 of 3rd period - Deflect By Ben Smith.
4:25 of 3rd period - Stopped by Kristers Gudlevskis with a rebound.
4:49 of 3rd period - Slapshot by Erik Haula.
4:49 of 3rd period - Stopped by Kristers Gudlevskis without a rebound.
4:50 of 3rd period - Bo Horvat wins face-off versus Derek Stepan in Maple Leafs zone.
4:50 of 3rd period - Bo Horvat is hit by Derek Stepan.
5:25 of 3rd period - Minor Penalty to Robert Hagg for Tripping.
5:26 of 3rd period - Erik Haula wins face-off versus Evander Kane in Blackhawks zone.
6:04 of 3rd period - Wrist shot by Jason Zucker.
6:04 of 3rd period - Stopped by Cam Ward with a rebound.
7:25 of 3rd period - Penalty to Robert Hagg is over, Robert Hagg is back on ice.
7:36 of 3rd period - Snap shot by Jakob Chychrun.
7:36 of 3rd period - Shot Misses the Net.
7:45 of 3rd period - Icing by Valentin Zykov.
7:46 of 3rd period - Valentin Zykov wins face-off versus Derek Stepan in Maple Leafs zone.
8:07 of 3rd period - Snap shot by Sam Bennett.
8:07 of 3rd period - Stopped by Cam Ward without a rebound.
8:08 of 3rd period - Bo Horvat wins face-off versus Erik Haula in Blackhawks zone.
8:13 of 3rd period - Wrist shot by Andre Burakovsky.
8:13 of 3rd period - Shot Misses the Net.
8:25 of 3rd period - Slapshot by Jon Merrill.
8:25 of 3rd period - Stopped by Cam Ward without a rebound.
8:26 of 3rd period - Derek Stepan wins face-off versus Jason Zucker in Blackhawks zone.
9:13 of 3rd period - Wrist shot by Jon Merrill.
9:13 of 3rd period - Stopped by Cam Ward without a rebound.
9:14 of 3rd period - William Karlsson wins face-off versus Sam Bennett in Blackhawks zone.
9:16 of 3rd period - Icing by Will Butcher.
9:17 of 3rd period - William Karlsson wins face-off versus Sam Bennett in Blackhawks zone.
9:17 of 3rd period - William Karlsson is hit by Pontus Aberg.
9:24 of 3rd period - Off-side.
9:25 of 3rd period - Bo Horvat wins face-off versus Derek Stepan in neutral zone.
9:38 of 3rd period - Snap shot by Evander Kane.
9:38 of 3rd period - Shot Misses the Net.
9:40 of 3rd period - Snap shot by Zach Werenski.
9:40 of 3rd period - Shot Blocked by Will Butcher.
9:42 of 3rd period - Wrist shot by Evander Kane.
9:42 of 3rd period - Stopped by Cam Ward without a rebound.
9:43 of 3rd period - Erik Haula wins face-off versus Elias Pettersson in Blackhawks zone.
10:17 of 3rd period - Slapshot by Mikko Rantanen.
10:17 of 3rd period - Goal by Mikko Rantanen - Maple Leafs : 1 - Blackhawks : 4.
10:18 of 3rd period - Derek Stepan wins face-off versus Bo Horvat in neutral zone.
10:25 of 3rd period - Snap shot by Antoine Roussel.
10:25 of 3rd period - Stopped by Kristers Gudlevskis without a rebound.
10:26 of 3rd period - Derek Stepan wins face-off versus Bo Horvat in Maple Leafs zone.
10:37 of 3rd period - Snap shot by Derek Stepan.
10:37 of 3rd period - Shot Misses the Net.
10:39 of 3rd period - Slapshot by Will Butcher.
10:39 of 3rd period - Stopped by Kristers Gudlevskis without a rebound.
10:40 of 3rd period - Bo Horvat wins face-off versus Derek Stepan in Maple Leafs zone.
11:06 of 3rd period - Ben Smith is hit by Erik Haula and loses puck.
11:19 of 3rd period - Wrist shot by Jakob Silfverberg.
11:19 of 3rd period - Shot Misses the Net.
11:33 of 3rd period - Radko Gudas is hit by Valentin Zykov and loses puck.
15:17 of 3rd period - Luke Schenn is hit by Timo Meier.
15:28 of 3rd period - Snap shot by Valentin Zykov.
15:28 of 3rd period - Shot Misses the Net.
15:45 of 3rd period - Brandon Saad is hit by Derek Stepan and loses puck.
15:53 of 3rd period - Derek Stepan is hit by Brandon Saad and loses puck.
16:04 of 3rd period - Adrian Kempe is hit by Andre Burakovsky.
16:24 of 3rd period - Zach Werenski is hit by Will Butcher and loses puck.
16:28 of 3rd period - Icing by Zach Werenski.
16:29 of 3rd period - Antoine Roussel wins face-off versus Elias Pettersson in Maple Leafs zone.
16:33 of 3rd period - Icing by Haydn Fleury.
16:34 of 3rd period - Elias Pettersson wins face-off versus Derek Stepan in Maple Leafs zone.
16:43 of 3rd period - Antoine Roussel is hit by Jason Zucker and loses puck.
16:50 of 3rd period - Ben Smith is hit by Jakob Chychrun and loses puck.
17:01 of 3rd period - Elias Pettersson is hit by Radko Gudas and loses puck.
17:10 of 3rd period - Snap shot by Mike Amadio.
17:10 of 3rd period - Deflect By Jason Zucker.
17:10 of 3rd period - Shot Misses the Net.
17:10 of 3rd period - Puck is out of play.
17:11 of 3rd period - Bo Horvat wins face-off versus Derek Stepan in Maple Leafs zone.
17:11 of 3rd period - Bo Horvat is hit by Derek Stepan.
17:17 of 3rd period - Andre Burakovsky is hit by Derek Stepan and loses puck.
17:38 of 3rd period - Slapshot by Jakob Silfverberg.
17:38 of 3rd period - Goal by Jakob Silfverberg - Maple Leafs : 1 - Blackhawks : 5.
17:39 of 3rd period - Bo Horvat wins face-off versus Derek Stepan in neutral zone.
17:44 of 3rd period - Evander Kane is hit by Antoine Roussel and loses puck.
18:05 of 3rd period - Timo Meier is hit by Zach Werenski and loses puck.
18:27 of 3rd period - Off-side.
18:28 of 3rd period - William Karlsson wins face-off versus Pontus Aberg in neutral zone.
19:00 of 3rd period - Minor Penalty to Sam Bennett for Cross-checking.
19:01 of 3rd period - Ben Smith wins face-off versus Derek Stepan in Maple Leafs zone.
19:01 of 3rd period - Ben Smith is hit by Derek Stepan.
Goals for this period are 0 for Maple Leafs vs 2 for Blackhawks.
Shots for this period are 8 for Maple Leafs vs 6 for Blackhawks.
Output by the SimonT Hockey Simulator (STHS) for Francois Prevost